 Dungeon Crawl Stone Soup version 0.26.0-16-gc1dbca0489 (webtiles) character file.

Game seed: 14159266173615884861

538 Froggeryz the Ruffian (level 7, -6/60 HPs)
             Began as a Ghoul Delver on Jan 17, 2021.
             Mangled by a gnoll
             ... wielding a +0 flail
              (9 damage)
             ... on level 4 of the Dungeon.
             The game lasted 00:07:29 (4178 turns).

Froggeryz the Ruffian (Ghoul Delver)                Turns: 4178, Time: 00:07:29

Health: -6/60      AC: 10    Str: 15 (18) XL:     7   Next: 26%
Magic:  6/6        EV:  9    Int:  4 (5)  God:
Gold:   63         SH:  0    Dex:  8 (10) Spells: 6/6 levels left

rFire    . . .     SeeInvis .     - Unarmed
rCold    + . .     Faith    .   (no shield)
rNeg     + + +     Spirit   .   j - +0 scale mail
rPois    ∞         Reflect  .   k - +1 helmet
rElec    .         Harm     .   d - +0 cloak
rCorr    .         Rampage  .   o - +0 pair of gloves
Will     +....                  (no boots)
Stlth    +.........             (no amulet)
HPRegen  0.00/turn              n - ring of flight
MPRegen  0.10/turn              r - ring of willpower

@: brilliant, very slightly contaminated, invisible
A: claws 1, cold resistance 1, negative energy resistance 3, inhibited
regeneration, torment resistance, unbreathing
a: Evoke Flight


You were on level 4 of the Dungeon.
You visited 1 branch of the dungeon, and saw 6 of its levels.

You collected 63 gold pieces.

Inventory:

Missiles
 m - a javelin (quivered)
Armour
 d - a +0 cloak (worn)
 j - a +0 scale mail (worn)
 k - a +1 helmet (worn)
 o - a +0 pair of gloves (worn)
Jewellery
 n - a ring of flight (left hand)
 r - a ring of willpower (right hand)
Wands
 f - a wand of digging (3)
 t - a wand of iceblast (4)
Scrolls
 a - 4 scrolls of identify
 b - 2 scrolls of fog
 c - a scroll of magic mapping
 g - a scroll of enchant armour
 h - a scroll of teleportation {unknown}
 l - a scroll of random uselessness {unknown}
Potions
 i - a potion of lignification
 p - a potion of invisibility
 q - 2 potions of haste


   Skills:
 + Level 4.5 Fighting
 - Level 2.0 Armour
 - Level 1.7 Dodging
 - Level 5.4 Stealth
 * Level 7.3 Unarmed Combat


You had 6 spell levels left.
You didn't know any spells.
Your spell library was empty.

Dungeon Overview and Level Annotations

Branches:
Dungeon (6/15)
 Temple: D:4-7

Altars:
Dithmenos
Gozag
Makhleb
Trog
Uskayaw


Innate Abilities, Weirdness & Mutations

You thrive by killing the living.
You are immune to poison.
You have sharp fingernails.
Your flesh is cold resistant. (rC+)
You are immune to negative energy. (rN+++)
You do not regenerate when monsters are visible.
You are immune to unholy pain and torment.
You can survive without breathing.


Message History

* * * LOW HITPOINT WARNING * * *
The gnoll sergeant hits you with a +6 vampiric spear!
* * * LOW HITPOINT WARNING * * *
It was a potion of lignification.
You feel woody for a moment. The gnoll closely misses you.
The gnoll sergeant hits you with a +6 vampiric spear.
* * * LOW HITPOINT WARNING * * *
It was a potion of invisibility.
You fade into invisibility!
The gnoll closely misses you.
The gnoll sergeant hits you but does no damage.
You are very lightly contaminated with residual magic.
It was a potion of degeneration.
There was something very wrong with that liquid.
You feel weakened.
You feel dopey.
You feel clumsy. The gnoll sergeant barely misses you.
It was a potion of brilliance.
You feel clever all of a sudden. The gnoll hits you with a +0 flail!
You die...

#...... #..#... ##.##...
♣♣♣♣....... . ♣P≈≈#...#..
..## ......##.. ...#.
♣....#.. .....♣♣♣♣♣ ♣♣
♣♣....... ......♣g@♣
♣.♣♣........ ......Bg♣♣
♣........... ....$.ww.♣
♣...........
.........♣♣..♣...##.....#
.......)..............###
.........B.......##...#
................. ##..#
........?...w...! ..##
#.......#.#...... ...


You could see a gnoll sergeant, 2 worms, a gnoll and a giant cockroach.

Vanquished Creatures
  Sigmund (D:3)
  An ogre (D:2)
  Crazy Yiuf (D:2)
  Ijyb (D:3)
  Natasha (thrice) (D:3)
  6 gnolls
  A howler monkey skeleton (D:2)
  3 adders
  A worm (D:2)
  3 dart slugs
  3 orcs (D:3)
  A ball python (D:3)
  6 giant cockroaches
  8 goblins
  2 hobgoblins
  6 jackals
  5 kobolds (D:1)
  8 bats
  3 frilled lizards
  A quokka zombie (D:3)
  6 rats
70 creatures vanquished.

Vanquished Creatures (others)
  2 plants (D:4)
2 creatures vanquished.

Grand Total: 72 creatures vanquished

Notes
Turn   | Place    | Note
-------+----------+-------------------------------------------
     0 | D:5      | Froggeryz the Ghoul Delver began the quest for the Orb.
     0 | D:5      | Reached XP level 1. HP: 19/19 MP: 0/0
     2 | D:5      | Noticed an ogre
    15 | D:6      | Noticed a worker ant
    18 | D:6      | Noticed an orc priest
    20 | D:5      | Noticed a scorpion
    90 | D:5      | Noticed an orc wizard
   108 | D:5      | Found an opulent altar of Gozag.
   222 | D:4      | Noticed an orc wizard
   800 | D:1      | Reached XP level 2. HP: 25/26 MP: 1/1
   915 | D:1      | Reached skill level 3 in Unarmed Combat
  1092 | D:1      | Reached XP level 3. HP: 19/31 MP: 2/2
  1457 | D:1      | Reached skill level 4 in Unarmed Combat
  1798 | D:2      | Found a bloodstained altar of Trog.
  1962 | D:2      | Reached XP level 4. HP: 38/38 MP: 3/3
  2065 | D:2      | Found a shadowy altar of Dithmenos.
  2066 | D:2      | Found a hide-covered altar of Uskayaw.
  2375 | D:2      | Noticed an ogre
  2715 | D:2      | Found a runed translucent door.
  2716 | D:2      | Noticed Crazy Yiuf
  2896 | D:2      | Killed Crazy Yiuf
  2897 | D:2      | Reached skill level 1 in Armour
  2897 | D:2      | Reached skill level 5 in Unarmed Combat
  2960 | D:2      | Killed an ogre
  2961 | D:2      | Reached XP level 5. HP: 19/45 MP: 4/4
  3400 | D:3      | Reached skill level 6 in Unarmed Combat
  3400 | D:3      | Reached XP level 6. HP: 48/51 MP: 5/5
  3745 | D:3      | Noticed Ijyb
  3765 | D:3      | Killed Ijyb
  3789 | D:3      | Noticed Sigmund
  3794 | D:3      | Killed Sigmund
  3795 | D:3      | Reached skill level 7 in Unarmed Combat
  3795 | D:3      | Reached XP level 7. HP: 52/59 MP: 6/6
  3867 | D:3      | Noticed Natasha
  3873 | D:3      | Killed Natasha
  3907 | D:3      | Found a burning altar of Makhleb.
  3973 | D:3      | Noticed Natasha
  3986 | D:3      | Killed Natasha
  4134 | D:3      | Noticed Natasha
  4143 | D:3      | Killed Natasha
  4175 | D:4      | HP: 3/60 [gnoll sergeant/+6 vampiric spear (1)]
  4178 | D:4      | Mangled by a gnoll

Illustrated notes

Levels and vault maps discovered:
D:1:      lightli_iron_boxes, layout_basic, serial_forest,
          infiniplex_forest_straight_3, infiniplex_forest_straight_3,
          infiniplex_forest_end_2, infiniplex_forest_lined_room_,
          infiniplex_forest_clump_curved, infiniplex_forest_straight_3
D:2:      layout_loops_corners, minitemple, lemuel_crystal_altar,
          uniq_crazy_yiuf_cottage
D:3:      layout_rooms, lightli_temple_of_fire, uniq_ijyb, uniq_sigmund,
          uniq_natasha
D:4:      layout_cave_pools, serial_bayou, serial_bayou_pond_c,
          serial_bayou_crossing, serial_bayou_ford_a, serial_bayou_pond_a,
          minmay_between
D:5:      lemuel_upstairs_altar, layout_rooms, old_standard_altar,
          nicolae_gozag_cash_rules_everything_around_me, uniq_eustachio
D:6:      minmay_diamond_boxcup, layout_rooms, lemuel_round_altar,
          minmay_temple_entry_large_hall, serial_shops,
          nicolae_shop_statue_plus, nicolae_ru_path_of_blood

Skill      XL: |  1  2  3  4  5  6 |
---------------+-------------------+-----
Unarmed Combat | 3 4 5 6 7 |  7.3
Armour         | 1 2 |  2.0
Fighting       | 4 |  4.5
Dodging        | |  1.7
Stealth        | |  5.4

Action                   |  1- 3 |  4- 6 |  7- 9 || total
-------------------------+-------+-------+-------++-------
Melee: Unarmed           |   130 |   137 |    36 ||   303
       Punch             |     2 |     2 |     3 ||     7
Throw: Javelin           |       |     1 |       ||     1
Evoke: Wand              |       |     4 |       ||     4
  Use: Scroll            |     4 |     1 |     1 ||     6
       Potion            |     1 |     7 |     4 ||    12
 Stab: Sleeping          |     7 |     1 |       ||     8
Armor: Robe              |    38 |       |       ||    38
       Scale mail        |     8 |    45 |    20 ||    73
Dodge: Dodged            |   107 |    55 |    17 ||   179
